 Dungeon Crawl Stone Soup version 0.28-a0-925-gd5e1996cdb (webtiles) character file.

Game seed: 15424719763487454171

49 mcbry74 the Chopper (level 3, -8/31 HPs)
             Began as a Hill Orc Fighter on Nov 27, 2021.
             Mangled by a gnoll (10 damage)
             ... on level 2 of the Dungeon.
             The game lasted 00:03:14 (1262 turns).

mcbry74 the Chopper (Hill Orc Fighter)              Turns: 1262, Time: 00:03:15

Health: -8/31      AC:  9    Str: 19    XL:     3   Next: 77%
Magic:  3/3        EV:  9    Int:  8    God:
Gold:   50         SH:  4    Dex: 10    Spells: 2/2 levels left

rFire   . . .      SeeInvis .   a - +0 war axe
rCold   . . .      Faith    .   c - +0 buckler
rNeg    . . .      Spirit   .   b - +0 scale mail
rPois   .          Reflect  .   h - +1 helmet
rElec   .          Harm     .   (no cloak)
rCorr   .          Rampage  .   (no gloves)
Will    .....                   (no boots)
Stlth   ..........              (no amulet)
HPRegen 0.10/turn               (no ring)
MPRegen 0.08/turn               (no ring)

@: no status effects
A: no striking features
a: no special abilities


You were on level 2 of the Dungeon.
You visited 1 branch of the dungeon, and saw 2 of its levels.

You collected 50 gold pieces.

Inventory:

Hand Weapons
 a - a +0 war axe (weapon)
Missiles
 e - 2 javelins (quivered)
Armour
 b - a +0 scale mail (worn)
 c - a +0 buckler (worn)
 h - a +1 helmet (worn)
Scrolls
 f - a scroll of fog {unknown}
 g - a scroll of amnesia {unknown}
Potions
 d - a potion of might


   Skills:
 - Level 3.6 Fighting
 + Level 5.3 Axes
 - Level 3.2 Armour
 - Level 3.2 Shields


You had 2 spell levels left.
You didn't know any spells.
Your spell library contained the following spells:

 Spells                   Type           Power      Damage    Failure   Level
 Pain                     Necr           0%         1d4       80%         1
 Agony                    Necr           0%         N/A       100%        5
 Excruciating Wounds      Necr           0%         N/A       100%        5


Dungeon Overview and Level Annotations

Branches:
Dungeon (2/15)

Altars:


Message History

The gnoll is moderately wounded.
You completely miss the gnoll. The gnoll hits you but does no damage.
You barely miss the gnoll. The gnoll hits you with a +0 whip.
You barely miss the gnoll. The gnoll hits you with a +0 whip.
You block the gnoll's attack.
You slash the gnoll!
The gnoll is severely wounded.
You block the gnoll's attack.
You slash the gnoll!
You kill the gnoll!
Your Axes skill increases to level 5!
You barely miss the gnoll. The gnoll hits you but does no damage.
You barely miss the gnoll. The gnoll hits you but does no damage.
The gnoll barely misses you.
You barely miss the gnoll. The gnoll hits you but does no damage.
You closely miss the gnoll. The gnoll hits you with a +0 whip.
You hit the gnoll.
The gnoll is moderately wounded.
You block the gnoll's attack.
You slash the gnoll!
You kill the gnoll!
You barely miss the gnoll.
The gnoll is moderately wounded.
The gnoll barely misses you.
You hit the gnoll.
The gnoll is severely wounded.
The gnoll barely misses you.
You closely miss the gnoll.
The gnoll is severely wounded.
The gnoll hits you with a +0 flail.
You hit the gnoll.
The gnoll is severely wounded.
The gnoll hits you with a +0 flail.
* * * LOW HITPOINT WARNING * * *
The gnoll hits you with a +0 flail!
* * * LOW HITPOINT WARNING * * *
You closely miss the gnoll.
The gnoll is severely wounded.
The gnoll hits you with a +0 flail!
You die...

#############
...........>###
#...............
###.#.............
.... #.g.........
#####..#.#..........
........#.##g.....#
.........##@#....#.#
....#....#.#.#..#.#
.........#.##..# #
#.#......##..).# ..
#.#..............
##.#.#...............
............##....##.
####.......#.##..##.#.
..........#.#.#..#.#.#


You could see a gnoll.

Vanquished Creatures
  2 gnolls (D:2)
  A dart slug (D:1)
  A giant cockroach (D:2)
  A goblin (D:1)
  3 hobgoblins (D:1)
  7 jackals (D:1)
  4 quokkas
  2 ball pythons (D:2)
  A bat (D:1)
  A frilled lizard (D:1)
  3 rats (D:1)
26 creatures vanquished.

Notes
Turn   | Place    | Note
-------+----------+-------------------------------------------
     0 | D:1      | mcbry74 the Hill Orc Fighter began the quest for the Orb.
     0 | D:1      | Reached XP level 1. HP: 19/19 MP: 1/1
    57 | D:1      | Reached skill level 3 in Axes
   308 | D:1      | Reached XP level 2. HP: 24/26 MP: 2/2
   449 | D:1      | Reached skill level 4 in Axes
   834 | D:1      | Reached XP level 3. HP: 31/31 MP: 3/3
  1252 | D:2      | Reached skill level 5 in Axes
  1262 | D:2      | Mangled by a gnoll

Illustrated notes

Levels and vault maps discovered:
D:1:      lightli_arrival_quake, layout_loops_corners, serial_aquarium,
          aquarium_bridge_straight [aquarium_subvault_bridge,
          aquarium_subvault_balcony, aquarium_subvault_bridge,
          aquarium_subvault_window], aquarium_window_fake,
          aquarium_window_corridor_3, aquarium_window_2, aquarium_window_2,
          aquarium_view_2b, aquarium_balcony_5b, aquarium_pool_split
D:2:      layout_basic, minmay_misc_feat_secret_circle,
          corexii_leaking_fountain, minmay_curled_crystal, minmay_3d_cube,
          uniq_jessica

Skill      XL: |  1  2  3 |
---------------+----------+-----
Axes           | 3 4 5 |  5.3
Fighting       | |  3.6
Armour         | |  3.2
Shields        | |  3.2

Action                   || total
-------------------------++-------
Melee: War axe           ||    76
Armor: Scale mail        ||    27
Dodge: Dodged            ||    28
Block: Buckler           ||    16

Table legend: (Time is in decaauts)
 A = Elapsed time spent in this place.
 B = Non-inter-level travel time spent in this place.
 C = Inter-level travel time spent in this place.
 D = Time resting spent in this place.
 E = Time spent auto-exploring this place.
 F = Levels seen in this place.
 G = Mean time per level.
                   A        B        C        D        E       F      G
               +--------+--------+--------+--------+--------+-----+--------+
         Total |   1284 |   1222 |     62 |      0 |   1010 |   2 |  642.0 |
       Dungeon |   1284 |   1222 |     62 |      0 |   1010 |   2 |  642.0 |
               +--------+--------+--------+--------+--------+-----+--------+

Top non-repeatable levels by time:
     D:1: 1182 daAuts
     D:2: 101 daAuts
